 Dungeon Crawl Stone Soup version 0.14-a0-1361-g0512ea0 (webtiles) character file.

98 Gorice the Charlatan (level 3, -4/23 HPs)
             Began as an Octopode Artificer on Dec 7, 2013.
             Slain by a killer bee (8 damage)
             ... on Level 2 of the Dungeon.
             The game lasted 00:06:16 (1225 turns).

Gorice the Charlatan (Octopode Artificer)           Turns: 1225, Time: 00:06:17

HP  -4/23        AC  1     Str 10      XL: 3   Next: 87%
MP   4/4         EV 12     Int 15      God:
Gold 45          SH  0     Dex 12      Spells:  0 memorised,  2 levels left

rFire  . . .     SeeInvis .     a - +0 short sword
rCold  . . .     Clarity  .     (no shield)
rNeg   . . .     Conserve .     (helmet restricted)
rPois  .         rCorr    .     (no amulet)
rElec  .         rRot     .     h - ring of protection from magic
SustAb . .       Spirit   .     (no ring)
rMut   .         Warding  .     (no ring)
Saprov . . .     Stasis   .     (no ring)
                                (no ring)
                                (no ring)
                                (no ring)
                                (no ring)

@: somewhat resistant to hostile enchantments, stealthy
A: almost no armour, amphibious, 8 rings, constrict 8, camouflage 1, gelatinous
body 1
a: no special abilities


You were on level 2 of the Dungeon.
You were not hungry.

You visited 1 branch of the dungeon, and saw 2 of its levels.

You collected 45 gold pieces.

Inventory:

Hand weapons
 a - a +0,+0 short sword (weapon)
Missiles
 k - 7 darts (quivered)
 l - 23 sling bullets
Magical devices
 b - a wand of flame (15)
 c - a wand of enslavement (13)
 d - a wand of random effects (10)
Comestibles
 f - 2 bread rations
 j - a pear
 n - an apple
Scrolls
 e - 3 scrolls of remove curse {unknown}
 g - a scroll of enchant armour {unknown}
 i - a scroll of teleportation {unknown}
Jewellery
 h - a ring of protection from magic (left tentacle)
Potions
 o - 2 potions of curing
 q - 2 potions of speed {unknown}


   Skills:
 - Level 1.0 Fighting
 * Level 3.1 Short Blades
 + Level 2.6 Dodging
 - Level 1.3 Stealth
 - Level 3.2 Evocations


You had 2 spell levels left.
You didn't know any spells.

Dungeon Overview and Level Annotations

Branches:
Dungeon (2/16)

Altars:


Innate Abilities, Weirdness & Mutations

You cannot wear most types of armour.
You are amphibious.
You can wear up to eight rings at the same time.
You can use your tentacles to constrict many enemies at once.
Your skin changes colour to match your surroundings (Stlth).
Your rubbery body absorbs attacks (AC +1).


Message History

r - Retreat! s - Stop attacking. w - Wait here. f - Follow me.
Anything else - Stay silent.
Gang up on whom?
Press: ? - help, Dir - move target cursor, f - bat, p - killer bee
Aim: a bat Attack!
Your killer bee stings the bat.
The bat is poisoned.
Your killer bee poisons the bat!
The bat barely misses you.
Your killer bee misses the bat.
Your killer bee barely misses the bat.
The bat dies!
Your killer bee is no longer moving quickly.
The killer bee is no longer charmed.
The killer bee stings you!
* * * LOW HITPOINT WARNING * * *
Evoke which item? (* to show all) (? for menu, Esc to quit)
Zapping:
c - a wand of enslavement (14)
Press: ? - help, Shift-Dir - straight line, f - killer bee
Aim: a killer bee The killer bee resists with some effort.
This wand has 13 charges left.
The killer bee stings you!
You die...

..######...........#############.
.................................
...........########...###...#####
#.#.....#### #...# #...#
#.#.....# ############...#
#.......# #...# #...### #......##
####...# ###...#
#....######......####.....####
#...............@k.............
#.....#####...#######...#....#
#<#.#.# ######## #...#....#
#.#.#.######.....####...#.....
#.#..........................
..###....#.......#####....#. ..#
#....#.....### #....# ..#
#....###...##########.## #.#
#..............)........


You could see a killer bee.

Vanquished Creatures
  2 giant mites
  2 giant geckos (D:1)
  A ball python (D:1)
  5 bats
  3 hobgoblins (D:1)
  4 jackals (D:1)
  6 kobolds
  3 giant newts
  4 goblins
  5 rats
35 creatures vanquished.

Vanquished Creatures (collateral kills)
  A bat (D:2)
1 creature vanquished.

Grand Total: 36 creatures vanquished

Notes
Turn   | Place    | Note
--------------------------------------------------------------
     0 | D:1      | Gorice, the Octopode Artificer, began the quest for the Orb.
     0 | D:1      | Reached XP level 1. HP: 13/13 MP: 1/1
   149 | D:1      | Reached XP level 2. HP: 18/18 MP: 3/3
   412 | D:1      | Reached XP level 3. HP: 14/23 MP: 4/4
  1225 | D:2      | Slain by a killer bee

Action                   || total
-------------------------++-------
Melee: Short sword       ||    79
Throw: Dart              ||    10
Evoke: Wand              ||     7
  Use: Scroll            ||     3
       Potion            ||     1
 Stab: Sleeping          ||     4
